 Dungeon Crawl Stone Soup version 0.28.0-45-g0d030f2227 (webtiles) character file.

Game seed: 15144428376112535710

210 Acheron the Conjurer (level 5, 0/60 HPs)
             Began as a Draconian Conjurer on Apr 4, 2022.
             Succumbed to a water moccasin's poison
             ... on level 4 of the Dungeon.
             The game lasted 00:17:34 (3978 turns).

Acheron the Conjurer (Draconian Conjurer)           Turns: 3978, Time: 00:17:34

Health: 0/60       AC:  5    Str:  9    XL:     5   Next: 57%
Magic:  2/9        EV: 12    Int: 21    God:
Gold:   170        SH:  0    Dex:  9    Spells: 6/9 levels left

rFire   . . .      SeeInvis .   j - +1 war axe
rCold   . . .      Faith    .   (no shield)
rNeg    . . .      Spirit   .   (armour unavailable)
rPois   .          Reflect  .   (helmet restricted)
rElec   .          Harm     .   (no cloak)
rCorr   .          Rampage  .   (no gloves)
Will    .....                   (no boots)
Stlth   ..........              (no amulet)
HPRegen 0.20/turn               (no ring)
MPRegen 0.11/turn               (no ring)

@: berserking, lethally poisoned (0 -> -11), very quick
A: AC +5, unfitting armour, cold-blooded
a: no special abilities


You were on level 4 of the Dungeon.
You visited 1 branch of the dungeon, and saw 4 of its levels.

You collected 170 gold pieces.

Inventory:

Hand Weapons
 g - a +4 whip of electrocution
 j - a +1 war axe (weapon)
 l - a +4 antimagic dagger
Missiles
 d - 13 stones
 e - 3 boomerangs
Wands
 m - a wand of digging (4)
Scrolls
 c - 2 scrolls of immolation
Potions
 a - a potion of cancellation {unknown}
 f - a potion of attraction {unknown}
 h - a potion of brilliance {unknown}
 n - a potion of haste {unknown}
 o - a potion of berserk rage


   Skills:
 * Level 1.3 Fighting
 * Level 1.3 Short Blades
 * Level 1.4 Axes
 * Level 1.0 Throwing
 * Level 2.3 Dodging
 * Level 2.4 Stealth
 * Level 2.7 Spellcasting
 * Level 5.0 Conjurations


You had 6 spell levels left.
You knew the following spells:

 Your Spells              Type           Power      Damage    Failure   Level
a - Magic Dart            Conj           96%        1d7       1%          1
b - Searing Ray           Conj           48%        2d6       2%          2

Your spell library contained the following spells:

 Spells                   Type           Power      Damage    Failure   Level
 Shock                    Conj/Air       52%        1d6       4%          1
 Dazzling Flash           Conj/Hex       26%        N/A       14%         3
 Sublimation of Blood     Necr           2%         N/A       21%         2
 Wereblood                Tmut           2%         N/A       21%         2
 Swiftness                Air            2%         N/A       38%         3
 Fulminant Prism          Conj/Hex       6%         3d7       43%         4
 Iskenderun's Mystic Bla  Conj/Tloc      13%        2d5       43%         4
 Airstrike                Air            1%         N/A       80%         4
 Summon Hydra             Summ           1%         N/A       100%        7


Dungeon Overview and Level Annotations

Branches:
Dungeon (4/15)
 Temple: D:4-7

Altars:

Annotations:
D:3 exclusion: 2 downstairs, Terence


Innate Abilities, Weirdness & Mutations

Your plain brown scales are hard. (AC +5)
You cannot fit into any form of body armour.
You are cold-blooded and may be slowed by cold attacks.


Message History

Press: ? - help, Shift-Dir - straight line, f/p - water moccasin
Aim: a water moccasin (moderately wounded, 66% to hit)
The searing ray hits the water moccasin.
The water moccasin is heavily wounded. (Press . to maintain the ray.)
* * * LOW HITPOINT WARNING * * *
You feel very sick. The water moccasin bites you.
* * * LOW HITPOINT WARNING * * *
You are more poisoned.
The water moccasin poisons you! The water moccasin barely misses you.
You feel much better.
You feel very sick. The water moccasin barely misses you.
Casting: Searing Ray (safe; 2% risk of failure)
Confirm with . or Enter, or press ? or * to list all spells.
Aiming: Searing Ray (safe; 2% risk of failure)
Press: ? - help, Shift-Dir - straight line, f/p - water moccasin
Aim: a water moccasin (heavily wounded, 66% to hit)
The searing ray misses the water moccasin. (Press . to maintain the ray.)
* * * LOW HITPOINT WARNING * * *
You feel very sick. The water moccasin barely misses you.
It was a potion of berserk rage.
A red film seems to cover your vision as you go berserk!
You feel yourself moving faster!
You feel mighty!
* * * LOW HITPOINT WARNING * * *
You feel very sick.
The water moccasin closely misses you. x2
You miss the water moccasin.
Your tail-slap misses the water moccasin.
The water moccasin is heavily wounded.
* * * LOW HITPOINT WARNING * * *
You feel very sick. The water moccasin bites you!
* * * LOW HITPOINT WARNING * * *
You miss the water moccasin.
The water moccasin is heavily wounded.
You die...

#######.............
#.....!.............
#<...).........?....
#......#############
#......########
#......'.......
#......########
#..S...'.......
#..@...######..
#####..# #..#
#########..######.
#.................
##.##############(
#.# #.# #.#


You could see a water moccasin.

Vanquished Creatures
  A jelly (D:3)
  An orc wizard (D:3)
  A hound skeleton (D:2)
  Robin (D:3)
  A gnoll (D:1)
  4 adders
  An adder skeleton (D:4)
  A dart slug (D:1)
  2 worms (D:2)
  2 orcs (D:3)
  4 ball pythons
  An endoplasm (D:2)
  2 giant cockroaches (D:1)
  13 goblins
  7 hobgoblins
  5 jackals
  10 kobolds
  2 quokkas (D:3)
  7 bats
  3 frilled lizards
  4 rats
73 creatures vanquished.

Vanquished Creatures (others)
  3 plants (D:1)
3 creatures vanquished.

Grand Total: 76 creatures vanquished

Notes
Turn   | Place    | Note
-------+----------+-------------------------------------------
     0 | D:1      | Acheron the Draconian Conjurer began the quest for the Orb.
     0 | D:1      | Reached XP level 1. HP: 14/14 MP: 3/3
   239 | D:1      | Reached XP level 2. HP: 13/20 MP: 1/5
   437 | D:1      | Learned a level 2 spell: Searing Ray
  1003 | D:1      | Reached XP level 3. HP: 26/27 MP: 6/6
  1736 | D:3      | Noticed Terence
  1769 | D:3      | Reached XP level 4. HP: 34/34 MP: 2/7
  1856 | D:4      | Noticed Robin
  2066 | D:3      | Reached skill level 1 in Fighting
  2323 | D:4      | Noticed a water moccasin
  2346 | D:3      | Reached skill level 1 in Short Blades
  2366 | D:3      | HP: 1/35 [something (3)]
  2369 | D:3      | Reached skill level 5 in Conjurations
  2369 | D:3      | Reached XP level 5. HP: 2/40 MP: 5/9
  3086 | D:2      | Reached skill level 1 in Axes
  3716 | D:4      | Reached skill level 1 in Throwing
  3819 | D:3      | Killed Robin
  3977 | D:4      | HP: 3/60 [water moccasin (7)]
  3978 | D:4      | Succumbed to a water moccasin's poison

Illustrated notes

Levels and vault maps discovered:
D:1:      co_arrival_square_in_a_square_in_a_square, layout_loops_ring,
          serial_forest, infiniplex_forest_straight_3,
          infiniplex_forest_clump_tiny, infiniplex_forest_clump_double,
          infiniplex_forest_fountain, infiniplex_forest_straight_2,
          infiniplex_forest_clump_tiny, infiniplex_forest_3_way,
          infiniplex_forest_side_room, grunt_decor_resistance
D:2:      layout_basic
D:3:      layout_loops_ring, nrook_loot_triangle, uniq_terence
D:4:      layout_basic, serial_shops, nicolae_shop_hallway_plus, uniq_eustachio,
          uniq_robin, uniq_sigmund

Skill      XL: |  1  2  3  4  5 |
---------------+----------------+-----
Dodging        | 2 |  2.3
Stealth        | 2 |  2.4
Fighting       | 1 |  1.3
Short Blades   | 1 |  1.3
Conjurations   | 5 |  5.0
Axes           | 1 |  1.4
Throwing       | 1 |  1.0
Spellcasting   | |  2.7

Action                   |  1- 3 |  4- 6 || total
-------------------------+-------+-------++-------
Melee: Short sword       |    48 |       ||    48
       Tailslap          |     3 |     7 ||    10
       Punch             |     1 |     1 ||     2
       War axe           |       |    95 ||    95
 Cast: Magic Dart        |    60 |    34 ||    94
       Searing Ray       |       |     4 ||     4
  Use: Scroll            |       |     4 ||     4
       Potion            |       |     3 ||     3
 Stab: Sleeping          |     2 |     1 ||     3
Armor: Skin              |    17 |    34 ||    51
Dodge: Dodged            |    33 |    78 ||   111
